 Dungeon Crawl Stone Soup version 0.18.1-8-gdd0e5ea (webtiles) character file.

146355 epen the Alchemist (level 17, -6/169 HPs)
             Began as a Merfolk Transmuter on May 21, 2016.
             Was the Champion of Qazlal.
             Mangled by a six-headed hydra (8 damage)
             ... on level 4 of the Swamp.
             The game lasted 01:39:37 (39790 turns).

epen the Alchemist (Merfolk Transmuter)            Turns: 39790, Time: 01:39:38

Health: -6/169     AC: 18    Str:  8    XL:     17   Next: 44%
Magic:  18/30      EV: 20    Int: 18    God:    Qazlal [******]
Gold:   1192       SH: 14    Dex: 14    Spells: 6 memorised, 9 levels left

rFire  + + .     SeeInvis +       - Unarmed
rCold  + + .     Gourm    .     (armour currently unavailable)
rNeg   + . .     Faith    .     W - +1 buckler {rPois}
rPois  ∞         Spirit   .     n - +2 hat {SInv}
rElec  +         Dismiss  .     A - +2 cloak
rCorr  .         Reflect  .     (gloves currently unavailable)
SustAt .         Harm     .     (boots currently unavailable)
MR     +....                    (no amulet)
Stlth  +.........               q - ring "Harim" {+Fly rPois rC+ Str-4 Slay+3}
                                Z - ring "Falihuir" {*Corrode rPois rF+ rC+ Stlth+}

@: statue-form, protected from physical damage, corroded, repel missiles, very
slow, somewhat resistant to hostile enchantments, very unstealthy
A: (change form in water), (swift swim), clumsy 1, fire resistance 1, strong 1
a: End Transformation, Upheaval, Elemental Force, Disaster Area, Renounce
Religion, Evoke Flight


You were on level 4 of the Swamp.
You worshipped Qazlal.
Qazlal was exalted by your worship.
You were near starving.
You were a stone statue.
You visited 4 branches of the dungeon, and saw 29 of its levels.
You also visited: Ice Cave and Volcano.

You collected 3216 gold pieces.
You spent 2024 gold pieces at shops.

Inventory:

Missiles
 v - 801 arrows
Armour
 n - a +2 hat of see invisible (worn)
 A - a +2 cloak (worn)
 B - a +2 pair of boots of cold resistance (melded)
 E - a +1 pair of gloves of strength (melded)
 V - a +0 robe of resistance (melded)
 W - a +1 buckler of poison resistance (worn)
 X - the +1 leather armour of the Four Beggars {rElec rC+}
   (You found it on level 6 of the Lair of Beasts)

   It protects you from cold.
   It insulates you from electricity.
Jewellery
 a - an uncursed ring of protection from magic {unknown}
 q - the ring "Harim" (right hand) {+Fly rPois rC+ Str-4 Slay+3}
   (You bought it in a shop on level 2 of the Orcish Mines)

   [ring of flight]

   It affects your strength (-4).
   It affects your accuracy and damage with ranged weapons and melee attacks
   (+3).
   It protects you from cold.
   It protects you from poison.
   It lets you fly.
 D - a +4 ring of protection {unknown}
 K - a +6 ring of intelligence
 L - the ring "Rinec" {MR+ Dex+3}
   (You found it on level 6 of the Dungeon)

   [ring of protection from magic]

   It affects your dexterity (+3).
   It affects your resistance to hostile enchantments.
 Z - the ring "Falihuir" (left hand) {*Corrode rPois rF+ rC+ Stlth+}
   (You found it on level 6 of the Lair of Beasts)

   [ring of protection from fire]

   It protects you from fire.
   It protects you from cold.
   It protects you from poison.
   It may corrode you when you take damage.
   It makes you more stealthy.
Wands
 g - a wand of disintegration (11/24)
 z - a wand of disintegration (0/24)
 T - a wand of digging (9/24)
Scrolls
 b - 3 scrolls of teleportation
 c - a scroll of magic mapping
 k - 8 scrolls of remove curse
 m - 3 scrolls of immolation
 x - 4 scrolls of holy word
 y - a scroll of identify
 J - 3 scrolls of fear
 M - a scroll of recharging
 N - a scroll of silence
 P - 5 scrolls of enchant armour
 Q - 2 scrolls of fog
 S - 3 scrolls of amnesia
Potions
 e - 3 potions of haste
 l - a potion of berserk rage
 o - a potion of invisibility
 r - 4 potions of resistance
 s - 5 potions of brilliance
 t - 4 potions of curing
 u - 5 potions of agility
 H - 2 potions of cancellation
 I - a potion of flight
 R - 2 potions of cure mutation
 U - a potion of ambrosia
 Y - a potion of might
Books
 h - a book of Minor Magic

   Spells                             Type                      Level
   a - Magic Dart                     Conjuration                  1
   b - Blink                          Translocation                2
   c - Call Imp                       Summoning                    2
   d - Repel Missiles                 Charms/Air                   2
   e - Slow                           Hexes                        2
   f - Conjure Flame                  Conjuration/Fire             3
   g - Mephitic Cloud                 Conjuration/Poison/Air       3
Comestibles
 d - 9 bread rations
 f - 9 beef jerkies
 i - 3 slices of pizza
 j - 31 fruits
 p - 17 meat rations
 w - 3 royal jellies


   Skills:
 - Level 10.8 Fighting
 - Level 3.8 Armour
 - Level 12.5 Dodging
 - Level 4.2 Shields
 - Level 15.1 Unarmed Combat
 - Level 9.7 Spellcasting
 - Level 1.2 Translocations
 + Level 18.0 Transmutations
 * Level 7.8 Earth Magic
 * Level 13.2 Invocations


You had 9 spell levels left.
You knew the following spells:

 Your Spells              Type           Power        Failure   Level  Hunger
a - Statue Form           Trmt/Erth      ######...    10%         6    ######.
b - Sticks to Snakes      Trmt           ######..     0%          2    None
d - Blade Hands           Trmt           ######....   1%          5    #####..
e - Ice Form              Ice/Trmt       #####...     2%          4    ###....
f - Blink                 Tloc           N/A          10%         2    None
g - Dragon Form           Trmt           ######....   6%          7    #######


Dungeon Overview and Level Annotations

Branches:
Dungeon (15/15)            Temple (0/1) D:7            Lair (8/8) D:8
  Swamp (4/4) Lair:5       Spider (0/4) Lair:3        Slime (0/6) Lair:7
    Orc (2/2) D:10            Elf (0/3) Orc:2        Vaults (0/5) D:13
 Depths (0/5) D:15

Altars:
Ashenzari
Dithmenos
Elyvilon
Fedhas
Gozag
Kikubaaqudgha
Makhleb
Qazlal
Trog
Vehumet
Xom
Yredelemnul
The Shining One
Beogh

Shops:
D:7 %   D:15 }   Orc:2 *[=(:


Innate Abilities, Weirdness & Mutations

((You revert to your normal form in water.))
((You are very nimble and swift while swimming.))
You are clumsy. (Dex -2)
Your flesh is heat resistant.
Your muscles are strong. (Str +2)


Message History

The seven-headed hydra completely misses you.
The seven-headed hydra closely misses you.
You block the seven-headed hydra's attack.
The seven-headed hydra bites you!
* * * LOW HITPOINT WARNING * * *
The seven-headed hydra bites you.
* * * LOW HITPOINT WARNING * * *
The seven-headed hydra closely misses you. x2
The seven-headed hydra bites you!
* * * LOW HITPOINT WARNING * * *
You feel more protected from physical attacks.
The seven-headed hydra bites you but does no damage.
You block the seven-headed hydra's attack.
The spriggan druid is engulfed in freezing vapours.
The spriggan druid gestures at you while chanting.
The stone arrow is repelled.
You block the six-headed hydra's attack. x2
The six-headed hydra bites you but does no damage. x3
The six-headed hydra bites you!
You die...

≈≈≈≈≈≈..≈≈≈≈≈♣♣
≈≈≈.≈[≈≈..≈S≈≈§≈♣ ♣
≈≈≈.......♣≈.§D§♣ ♣.
♣...§k♣.≈≈♣.kDD♣♣
♣.≈.♣♣..≈≈≈♣♣..♣§.DD♣♣
♣.≈.♣≈.≈≈≈≈♣♣..§...Di♣
♣≈...♣§k≈≈≈≈♣♣.♣..kin♣
♣≈...D.§≈≈.≈.♣.......♣
♣..DD8D≈y..≈.♣§...i...
♣..≈iD≈≈≈≈.≈♣♣♣......≈
♣♣♣≈D≈≈≈§n≈≈≈.♣
♣♣.♣..≈.
♣§.D.§Di≈≈≈≈§.♣
§♣♣..♣#
♣♣.§≈≈≈≈≈≈≈≈≈♣♣ ♣.
.≈§♣ ♣♣..≈≈§≈≈≈≈.♣ .≈
..♣♣ ♣♣≈..§≈≈≈..≈.
♣♣♣.≈≈≈≈≈..≈ .≈≈≈≈


You could see an eight-headed hydra, 3 seven-headed hydras, 2 six-headed hydras,
2 swamp dragons, a spriggan druid, a bog body, 2 swamp drakes, a spriggan and a
wasp.

Vanquished Creatures
  Frances (Swamp:1)
  Gastronok (D:10)
  A thorn hunter (Swamp:4)
  Donald (Lair:5)
  2 orc warlords
  A very ugly thing (Swamp:2)
  The ghost of pipel the Protected, a journeyman DsIE of Gozag (Lair:7)
  4 vault guards (D:13)
  8 hydras
  2 ghost crabs
  5 centaur warriors
  13 alligators
  5 death yaks (Lair:6)
  2 tengu warriors (D:13)
  2 orc high priests
  Urug (Orc:1)
  Sonja (D:12)
  A fire crab (Lair:7)
  6 skeletal warriors
  5 swamp dragons
  2 spriggan druids
  An unseen horror (D:12)
  3 shambling mangroves
  A flayed ghost (D:15)
  7 hill giants
  4 lindwurms (Lair:6)
  4 orc knights
  A necromancer (D:15)
  A wolf spider zombie (D:12)
  2 griffons (Lair:7)
  3 hornets
  3 cyclopes
  2 deep elf magi
  7 ugly things
  4 orc sorcerers
  3 manticores
  A stone giant zombie (D:15)
  9 elephants
  7 black mambas
  A gargoyle (D:10)
  2 molten gargoyles (Volcano)
  An elf zombie (D:15)
  A torpor snail (Lair:6)
  2 ice statues (IceCv)
  26 spiny frogs
  6 komodo dragons
  3 kobold demonologists (D:15)
  2 rime drakes
  7 ice devils (IceCv)
  A demonic crawler (Lair:3)
  3 trolls
  A polar bear (Lair:4)
  3 two-headed ogres
  A wolf spider simulacrum (D:15)
  5 giant leeches
  7 bog bodies
  24 blink frogs
  A deep troll zombie (D:15)
  A boulder beetle (D:14)
  21 slime creatures
  An ice dragon zombie (D:15)
  7 spriggans
  3 shadows
  25 yaks
  3 basilisks
  8 fire bats (Volcano)
  4 wyverns
  14 hippogriffs
  2 steam dragons
  23 vampire mosquitoes
  A hungry ghost (D:12)
  24 insubstantial wisps
  16 wargs
  21 swamp worms
  Duvessa (D:6)
  A mottled dragon (D:13)
  2 hell hounds (Volcano)
  17 porcupines
  20 water moccasins
  49 orc warriors
  6 swamp drakes
  11 ice beasts
  3 sky beasts
  2 black bears
  10 wasps
  15 ogres
  20 wolves
  3 necrophages
  19 centaurs
  22 crocodiles
  3 big kobolds
  45 giant frogs
  2 gnoll sergeants
  A wyvern zombie (D:6)
  2 wyvern skeletons
  4 scorpions
  A water moccasin skeleton (D:8)
  17 killer bees
  2 electric eels
  3 wights
  4 howler monkeys
  7 crimson imps
  6 centaur zombies
  12 jellies
  3 lava snakes (Volcano)
  23 orc priests
  2 gnoll shamans
  6 centaur skeletons
  10 hounds
  32 orc wizards
  7 iguanas
  9 worker ants
  A killer bee zombie (D:5)
  24 sheep
  A hound skeleton (D:5)
  22 gnolls
  14 adders
  71 river rats
  A shadow imp (D:11)
  6 white imps (IceCv)
  5 ufetubi (IceCv)
  11 oozes
  An adder skeleton (D:7)
  A worm (Lair:3)
  4 dart slugs
  7 giant geckos
  127 orcs
  2 ball pythons
  13 giant cockroaches
  10 goblins
  11 hobgoblins
  14 jackals
  6 quokkas
  14 bats
  2 giant gecko skeletons
  4 giant newts
  2 gnoll zombies (D:7)
  17 kobolds
  A quokka skeleton (D:8)
  15 rats
  7 bushes
  94 fungi
  50 plants
1359 creatures vanquished.

Vanquished Creatures (collateral kills)
  A hydra (Lair:1)
  A spiny frog (Lair:8)
  The ghost of mistymad the Ruffian, an amateur NaTm (D:4)
  A yak (Lair:8)
  A water moccasin (D:7)
  An ice beast (D:6)
  A phantom (D:4)
  An ogre (D:5)
  A centaur (D:6)
  Dowan (D:6)
  A scorpion (D:6)
  A howler monkey (D:5)
  2 wights (D:7)
  A giant frog zombie (D:6)
  2 jellies
  An adder (D:7)
  A gnoll (D:3)
  An adder skeleton (D:4)
  5 orcs
25 creatures vanquished.

Vanquished Creatures (others)
  A hydra (Swamp:1)
  A spriggan druid (Swamp:4)
  A swamp dragon (Swamp:3)
  3 spriggans (Swamp:4)
  An ice beast (Lair:7)
  A wasp (Swamp:4)
  A centaur (D:12)
  A white imp (IceCv)
  5 ufetubi (IceCv)
  22 fungi
  7 plants
44 creatures vanquished.

Grand Total: 1428 creatures vanquished

Notes
Turn   | Place    | Note
--------------------------------------------------------------
     0 | D:1      | epen the Merfolk Transmuter began the quest for the Orb.
     0 | D:1      | Reached XP level 1. HP: 15/15 MP: 3/3
   393 | D:1      | Reached skill level 3 in Transmutations
   409 | D:1      | Reached XP level 2. HP: 21/21 MP: 5/5
   631 | D:1      | Learned a level 2 spell: Sticks to Snakes
   692 | D:1      | Reached XP level 3. HP: 21/26 MP: 6/6
   776 | D:1      | Learned a level 3 spell: Spider Form
   886 | D:1      | Found a shattered altar of Ashenzari.
  1637 | D:2      | Found a bloodstained altar of Trog.
  1638 | D:2      | Found an ancient bone altar of Kikubaaqudgha.
  1718 | D:2      | You fall through a shaft for 2 floors!
  1847 | D:2      | Reached XP level 4. HP: 33/33 MP: 7/7
  2524 | D:3      | Found an opulent altar of Gozag.
  2591 | D:3      | Reached skill level 4 in Transmutations
  2591 | D:3      | Reached XP level 5. HP: 22/39 MP: 8/8
  2739 | D:3      | Found a white marble altar of Elyvilon.
  2835 | D:3      | Reached XP level 6. HP: 28/46 MP: 9/9
  3084 | D:3      | Reached skill level 5 in Unarmed Combat
  3644 | D:4      | Reached skill level 5 in Transmutations
  3647 | D:4      | Noticed mistymad's ghost (amateur NaTm)
  3743 | D:4      | Noticed a phantom
  3770 | D:4      | Killed a phantom
  4278 | D:4      | Reached XP level 7. HP: 34/52 MP: 3/11
  4524 | D:4      | Learned a level 5 spell: Blade Hands
  4706 | D:4      | Found a stormy altar of Qazlal.
  4738 | D:4      | Became a worshipper of Qazlal Stormbringer
  4852 | D:4      | Killed mistymad's ghost
  4852 | D:4      | Reached skill level 6 in Transmutations
  5096 | D:5      | Entered Level 5 of the Dungeon
  5134 | D:5      | Found a stormy altar of Qazlal.
  5359 | D:5      | Reached skill level 5 in Dodging
  5525 | D:5      | Reached XP level 8. HP: 50/60 MP: 5/12
  6305 | D:5      | HP: 3/60 [killer bee zombie (4)]
  6309 | D:5      | Reached skill level 7 in Transmutations
  7359 | D:6      | Found a burning altar of Makhleb.
  7360 | D:6      | Found a radiant altar of Vehumet.
  7373 | D:6      | Reached * piety under Qazlal
  7857 | D:6      | Noticed Duvessa
  7860 | D:6      | Noticed Dowan
  7884 | D:6      | Killed Duvessa
  7884 | D:6      | Reached skill level 8 in Transmutations
  7903 | D:6      | Killed Dowan
  7903 | D:6      | Reached XP level 9. HP: 18/66 MP: 6/15
  8155 | D:6      | Got a smoking bronze ring
  8364 | D:6      | Learned a level 4 spell: Ice Form
  8388 | D:6      | Identified the ring "Rinec" {MR+ Dex+3} (You found it on level 6 of the Dungeon)
  8396 | D:6      | Gained mutation: Your muscles are strong. (Str +2) [potion of mutation]
  8396 | D:6      | Gained mutation: You are clumsy. (Dex -2) [potion of mutation]
  8396 | D:6      | Gained mutation: Your flesh is heat resistant. [potion of mutation]
  8411 | D:7      | Found a blossoming altar of Fedhas.
  9088 | D:7      | Reached skill level 5 in Fighting
  9894 | D:7      | Reached skill level 9 in Transmutations
 10172 | D:7      | Reached ** piety under Qazlal
 10491 | D:7      | Reached skill level 5 in Spellcasting
 10502 | D:7      | Reached XP level 10. HP: 67/76 MP: 13/17
 10821 | D:7      | Found a basalt altar of Yredelemnul.
 10848 | D:7      | Found Teonocs's Food Shop.
 10885 | D:7      | Reached skill level 10 in Transmutations
 11085 | D:7      | Found a staircase to the Ecumenical Temple.
 11484 | D:8      | Reached *** piety under Qazlal
 12107 | D:8      | Learned a level 2 spell: Blink
 12285 | D:8      | Found a shimmering altar of Xom.
 12285 | D:8      | Found a shadowy altar of Dithmenos.
 12637 | D:8      | Reached skill level 11 in Transmutations
 12659 | D:8      | HP: 3/77 [warg (5)]
 12680 | D:8      | Reached **** piety under Qazlal
 12723 | D:8      | HP: 2/77 [warg (12)]
 12732 | D:8      | Reached skill level 10 in Unarmed Combat
 12962 | D:8      | Reached XP level 11. HP: 41/84 MP: 10/19
 13256 | D:8      | Noticed an orc warlord
 13289 | D:8      | Killed an orc warlord
 13683 | D:8      | Found a staircase to the Lair.
 13735 | D:8      | Found a glowing golden altar of the Shining One.
 14041 | D:9      | Reached ***** piety under Qazlal
 14041 | D:9      | Reached skill level 12 in Transmutations
 14212 | D:9      | Noticed a hill giant
 14227 | D:9      | Killed a hill giant
 14607 | D:10     | Entered Level 10 of the Dungeon
 14624 | D:10     | Noticed Gastronok
 14686 | Lair:1   | Entered Level 1 of the Lair of Beasts
 15187 | Lair:1   | Noticed a seven-headed hydra
 15202 | Lair:1   | Killed a seven-headed hydra
 15923 | Lair:2   | Found a dark tunnel.
 15938 | Volcano  | Entered a volcano
 16251 | Volcano  | Noticed a manticore
 16254 | Volcano  | Found a burning altar of Makhleb.
 16262 | Volcano  | Killed a manticore
 16262 | Volcano  | Reached skill level 13 in Transmutations
 16278 | Volcano  | Reached XP level 12. HP: 46/91 MP: 13/22
 16582 | Lair:2   | Found an ancient bone altar of Kikubaaqudgha.
 17310 | Lair:3   | Reached skill level 10 in Dodging
 17917 | Lair:3   | Found a hole to the Spider Nest.
 17940 | Lair:3   | Reached ****** piety under Qazlal
 18005 | Lair:3   | Reached skill level 14 in Transmutations
 18804 | Lair:4   | Reached XP level 13. HP: 43/99 MP: 20/24
 20574 | Lair:5   | Found a staircase to the Swamp.
 20704 | Lair:6   | Reached skill level 1 in Invocations
 20705 | Lair:6   | Reached skill level 1 in Shields
 20715 | Lair:6   | Reached skill level 1 in Armour
 21127 | Lair:6   | Got a fine leather armour
 21128 | Lair:6   | Identified the +1 leather armour of the Four Beggars {rElec rC+} (You found it on level 6 of the Lair of Beasts)
 21602 | Lair:6   | Reached skill level 15 in Transmutations
 21672 | Lair:7   | Noticed pipel's ghost (journeyman DsIE)
 22095 | Lair:7   | Found a frozen archway.
 22095 | Lair:7   | Found a staircase to the Slime Pits.
 22105 | IceCv    | Entered an ice cave
 23180 | IceCv    | Got an ebony demon trident
 23181 | IceCv    | Identified the +5 demon trident of the Trees {drain, +Inv} (You found it in an ice cave)
 23658 | Lair:6   | Got a warped pewter ring
 23661 | Lair:6   | Identified the ring "Falihuir" {*Corrode rPois rF+ rC+ Stlth+} (You found it on level 6 of the Lair of Beasts)
 23736 | Lair:7   | Reached XP level 14. HP: 106/109 MP: 26/26
 23798 | Lair:7   | Killed pipel's ghost
 24607 | Lair:8   | Entered Level 8 of the Lair of Beasts
 24811 | Lair:7   | HP: 1/130 [black mamba (16)]
 25256 | Lair:7   | Reached skill level 10 in Fighting
 25635 | Lair:7   | Reached skill level 5 in Invocations
 27700 | D:10     | Killed Gastronok
 27848 | D:10     | Found a staircase to the Orcish Mines.
 28721 | D:12     | Noticed Sonja
 28728 | D:12     | Killed Sonja
 28756 | D:12     | Reached XP level 15. HP: 51/117 MP: 14/28
 29780 | D:13     | Reached skill level 16 in Transmutations
 30090 | D:13     | Found a gate to the Vaults.
 30724 | Orc:1    | Entered Level 1 of the Orcish Mines
 30911 | Orc:2    | Entered Level 2 of the Orcish Mines
 31036 | Orc:2    | Reached skill level 15 in Unarmed Combat
 31163 | Orc:2    | Found a roughly hewn altar of Beogh.
 32213 | Orc:2    | Reached skill level 1 in Translocations
 32498 | Orc:2    | Noticed an orc warlord
 32513 | Orc:2    | Killed an orc warlord
 32534 | Orc:2    | Found a roughly hewn altar of Beogh.
 32537 | Orc:2    | Found Rosoxe's Antique Weapon Emporium.
 32564 | Orc:2    | Found Rofaozul's Jewellery Emporium.
 32580 | Orc:2    | Found Elaragg's Antique Armour Emporium.
 32596 | Orc:2    | Found Neomirch's General Store.
 32604 | Orc:2    | Bought a potion of agility for 56 gold pieces
 32795 | Orc:2    | Found Leheneest's Book Emporium.
 32795 | Orc:2    | Found a staircase to the Elven Halls.
 32815 | Orc:2    | Bought a book of Transfigurations for 770 gold pieces
 32822 | Orc:2    | Learned a level 6 spell: Statue Form
 32830 | Orc:2    | Learned a level 7 spell: Dragon Form
 33045 | Orc:2    | Bought the ring "Harim" {+Fly rPois rC+ Str-4 Slay+3} for 598 gold pieces
 33210 | Orc:1    | Noticed Urug
 33220 | Orc:1    | Killed Urug
 33256 | Orc:1    | Reached skill level 1 in Earth Magic
 34453 | D:14     | Reached XP level 16. HP: 113/124 MP: 21/29
 35467 | D:15     | Entered Level 15 of the Dungeon
 35510 | D:15     | Identified a scroll of acquirement
 35574 | D:15     | Reached skill level 10 in Invocations
 35865 | D:15     | Found a staircase to the Depths.
 36112 | D:15     | Found Comeruv's Gadget Boutique.
 36118 | D:15     | Bought a fan of gales for 600 gold pieces
 36181 | D:15     | Reached skill level 17 in Transmutations
 36614 | Swamp:1  | Entered Level 1 of the Swamp
 36676 | Swamp:1  | Reached skill level 5 in Earth Magic
 36814 | Swamp:1  | Noticed Frances
 36816 | Swamp:1  | Noticed Donald
 36834 | Swamp:1  | Killed Frances
 36858 | Lair:5   | Killed Donald
 38505 | Swamp:3  | Reached XP level 17. HP: 130/130 MP: 25/30
 39354 | Swamp:4  | Entered Level 4 of the Swamp
 39458 | Swamp:4  | Reached skill level 18 in Transmutations
 39790 | Swamp:4  | HP: 2/169 [seven-headed hydra (7)]
 39790 | Swamp:4  | Mangled by a six-headed hydra

Skill      XL: |  1  2  3  4  5  6  7  8  9 10 11 12 13 14 15 16 17 |
---------------+----------------------------------------------------+-----
Transmutations | 3 4 5 6 8 9 11 13 14 15 16 17 18 | 18.0
Dodging        | 3 4 5 6 7 8 9 10 11 12 | 12.5
Unarmed Combat | 4 5 6 7 8 10 11 12 13 14 15 | 15.1
Fighting       | 2 3 4 5 7 8 9 10 | 10.8
Spellcasting   | 3 4 5 6 7 8 9 |  9.7
Invocations    | 3 6 9 12 13 | 13.2
Shields        | 3 4 |  4.2
Armour         | 1 3 |  3.8
Translocations | 1 |  1.2
Earth Magic    | 2 6 7 |  7.8

Action                   |  1- 3 |  4- 6 |  7- 9 | 10-12 | 13-15 | 16-18 || total
-------------------------+-------+-------+-------+-------+-------+-------++-------
Melee: Whip              |   128 |   212 |     1 |       |       |       ||   341
       Unarmed           |     5 |       |    44 |   597 |  1076 |   788 ||  2510
       Punch             |     1 |     9 |    22 |    42 |    75 |     5 ||   154
       Dagger            |       |       |   543 |   251 |   200 |       ||   994
       Headbutt          |       |       |     6 |       |       |       ||     6
       Tailslap          |       |       |       |    13 |     8 |    17 ||    38
       Bite              |       |       |       |       |     2 |    12 ||    14
 Cast: Beastly Appendage |     1 |       |     1 |       |       |       ||     2
       Sticks to Snakes  |       |    15 |    89 |    21 |    19 |     2 ||   146
       Blade Hands       |       |       |     4 |    60 |   100 |       ||   164
       Spider Form       |       |       |       |     1 |       |       ||     1
       Ice Form          |       |       |       |       |     2 |       ||     2
       Dragon Form       |       |       |       |       |    10 |     8 ||    18
       Statue Form       |       |       |       |       |       |    39 ||    39
       Blink             |       |       |       |       |       |     2 ||     2
Invok: Elemental Force   |       |       |       |       |     1 |       ||     1
 Abil: Breathe Fire      |       |       |       |       |     3 |     2 ||     5
Evoke: Wand              |       |       |       |       |     9 |       ||     9
  Use: Scroll            |       |       |    21 |     6 |    12 |     6 ||    45
       Potion            |       |       |     4 |     1 |     5 |     1 ||    11
 Stab: Sleeping          |       |     2 |     1 |       |       |       ||     3
       Distracted        |       |     1 |     2 |       |       |     1 ||     4
  Eat: Chunk             |     3 |     9 |    15 |    44 |    65 |    39 ||   175
       Meat ration       |       |       |     2 |       |       |       ||     2
       Beef jerky        |       |       |     1 |       |       |       ||     1
       Royal jelly       |       |       |       |     1 |     9 |     1 ||    11
Armor: Robe              |    46 |    25 |   106 |    94 |   123 |    14 ||   408
       Leather armour    |       |       |       |       |    23 |       ||    23
       Skin              |       |       |       |       |    29 |   343 ||   372
Dodge: Dodged            |   108 |   154 |   476 |   584 |   920 |   727 ||  2969
       Deflected         |       |       |       |    11 |    31 |    15 ||    57
Block: Other             |       |       |    17 |   191 |   395 |    22 ||   625
       Buckler           |       |       |       |       |   119 |   667 ||   786
